[Event "25th Klatovy A 2017"]
[Site "Klatovy CZE"]
[Date "2017.07.01"]
[Round "1.4"]
[White "Ondrejat, Miroslav"]
[Black "Formanek, Martin"]
[Result "0-1"]
[ECO "B92"]
[WhiteElo "2010"]
[BlackElo "2273"]
[PlyCount "125"]
[EventDate "2017.07.01"]
[EventType "swiss"]
[EventRounds "9"]
[EventCountry "CZE"]
[TimeControl "7800+1520"]

1. e4 c5 2. Nf3 d6 3. d4 cxd4 4. Nxd4 Nf6 5. Nc3 a6 6. Be2 e5 7. Nb3 Be7 8. O-O O-O 9. a4 Be6 10. f4 Qc7 11. f5 Bc4 12. Bxc4 Qxc4 13. Qd3 Qxd3 14. cxd3 Nc6 15. Bg5 Nb4 16. Rf3 Rfd8 17. Rd1 Rac8 18. d4 exd4 19. Rxd4 Nc6 20. Rd1 Ne5 21. Rff1 Nc4 22. Bc1 Re8 23. Rfe1 Bd8 24. h3 Bb6+ 25. Kf1 Ba7 26. Nd4 Nd7 27. Nd5 Bxd4 28. Rxd4 f6 29. b3 Nce5 30. Ba3 Nc5 31. Rb1 b5 32. axb5 axb5 33. Nf4 Nc6 34. Rxd6 Nxe4 35. Rd3 Ne5 36. Rd4 Ng3+ 37. Kg1 Nxf5 38. Rd5 Rb8 39. Bc5 Kf7 40. b4 Ne7 41. Rd6 N7c6 42. Rbd1 Red8 43. Ne6 Rxd6 44. Rxd6 Re8 45. Nc7 Rb8 46. Kf2 Rb7 47. Ne6 Rd7 48. Rxd7+ Nxd7 49. Nc7 Nxc5 50. bxc5 b4 51. Ke3 f5 52. Kd3 Kf6 53. Kc4 Ke5 54. Na6 b3 55. Kxb3 Kd4 56. Nc7 g6 57. Ne6+ Ke3 58. Kc4 Kf2 59. Nd4 Ne7 60. c6 Kxg2 61. c7 f4 62. Nc6 Nc8 63. Kd4 0-1